[Event "Late-Titled-Tuesday-Blitz-June-25-2024"]
[Site "Chess.com"]
[Date "2024.06.25"]
[Round "2"]
[White "szefru"]
[Black "chesselephant"]
[Result "0-1"]
[WhiteElo "2370"]
[BlackElo "2601"]
[TimeControl "180+1"]
[EndTime "14:18:38 PDT"]
[Termination "chesselephant won by checkmate"]

1. e4 e5 2. Nf3 Nc6 3. Bb5 a6 4. Ba4 Nf6 5. O-O Be7 6. c3 Nxe4 7. Bxc6 dxc6 8. d3 Nc5 9. Nxe5 O-O 10. d4 Nd7 11. f4 c5 12. d5 Nb6 13. c4 f6 14. Nd3 Nxc4 15. Qb3 Nd6 16. Nxc5 Qe8 17. Nc3 Kh8 18. Bd2 Qg6 19. Ne6 Bxe6 20. dxe6 c6 21. Rae1 Rae8 22. Qa4 Qd3 23. Ne4 Nxe4 24. Qxe4 Qxd2 25.
f5 Qb4 26. Qc2 Qc5+ 27. Qxc5 Bxc5+ 28. Kh1 g6 29. g4 h5 30. h3 hxg4 31. hxg4 Kg7 32.
Kg2 Re7 33. Rd1 g5 34. Rf3 Rfe8 35. Rfd3 Kf8 36. Rh3 Kg7 37. Rdh1 Rg8 38. Rd3 Kf8 39. Rd8+ Kg7 40. Rd3 Rh8 41. Rhd1 Rh4 42. Kg3 Bb6 43. Rd7 Kf8 44. Rxe7 Kxe7 45. Rd7+ Ke8 46. Rxb7 Bd4 47. b3 Be5+ 48. Kf3 Rh3+ 49. Ke4 Rg3 50. Ra7 Rxg4+ 51. Kd3 Rd4+ 52. Kc3 a5 53. Kc2 Rf4 54. Rxa5 Rxf5 55. Ra8+ Ke7 56. a4 Kxe6 57. a5 Rf2+ 58. Kd3 Rb2 59. Kc4 Rc2+ 60. Kd3 Rc3+ 61. Ke4 Rxb3 62. Re8+ Kd7 63. Rf8 Ke7 64. Rc8 Rb4+ 65. Kf5 Rf4+ 66.
Kg6 Kd7 67. Ra8 g4 68. a6 Ra4 69. Ra7+ Ke6 70. Ra8 Kd5 71. Rd8+ Ke4 72. Kh5 g3 73.
Rg8 Rxa6 74. Rg4+ Kf3 75. Rg6 g2 76. Kh4 Ra1 77. Kh5 Rh1# 0-1

[Event "Late-Titled-Tuesday-Blitz-June-25-2024"]
[Site "Chess.com"]
[Date "2024.06.25"]
[Round "2"]
[White "CoachVadim"]
[Black "grzechu96"]
[Result "0-1"]
[WhiteElo "2403"]
[BlackElo "2766"]
[TimeControl "180+1"]
[EndTime "14:18:40 PDT"]
[Termination "grzechu96 won by resignation"]

1. Nf3 d5 2. g3 Nf6 3. Bg2 Bg4 4. c4 e6 5. Qb3 b6 6. Ne5 Bh5 7. Nc3 Bd6 8. d4 c6 9. cxd5 cxd5 10. Qa4+ Nfd7 11. Bf4 Bxe5 12. Bxe5 O-O 13. Bd6 Re8 14. Nb5 Nf6 15. Rc1 Qd7 16. Rc7 Qd8 17. Rxa7 Nc6 18.
Rxa8 Qxa8 19. Qxa8 Rxa8 20. a3 Ra5 21. Nc3 Nxd4 22.
f3 Bg6 23. Kf2 Nb3 24. Rd1 h6 25. e4 dxe4 26. fxe4 Kh7 27. Bb4 Ra7 28. e5 Ng4+ 29.
Ke1 Nxe5 30. Rd8 Nd3+ 31. Ke2 Nxb4 32. axb4 Ra1 33. Ne4 Rb1 34. Nd6 Rxb2+ 35. Kf1 Nd2+ 36. Kg1 Rxb4 37. Rb8 Rb2 38. Bc6 h5 39. Ne8 f6 40.
Rb7 Bxe8 41. Bxe8 Nf3+ 42. Kf1 Nxh2+ 43. Ke1 Nf3+ 44. Kd1 Kh6 45. Bc6 Nd4 46. Be4 f5 47.
Bd3 g5 48. Rb8 g4 49. Rh8+ Kg6 50. Rg8+ Kf7 51. Rh8 Kg6 52. Rg8+ Kf6 53. Rf8+ Kg7 54. Rd8 Nf3 55. Rd7+ Kf6 56. Be2 Ne5 57. Rh7 Kg6 58. Re7 Kf6 59. Rh7 Rb3 60. Rxh5 Rxg3 61. Rh6+ Ng6 62.
Bb5 Kg5 63. Rh7 Nf4 64. Rg7+ Kf6 65. Rb7 Rb3 66. Rxb6 g3 0-1

[Event "Late-Titled-Tuesday-Blitz-June-25-2024"]
[Site "Chess.com"]
[Date "2024.06.25"]
[Round "2"]
[White "GothamChess"]
[Black "betta2004"]
[Result "1-0"]
[WhiteElo "2731"]
[BlackElo "2497"]
[TimeControl "180+1"]
[EndTime "14:18:46 PDT"]
[Termination "GothamChess won by resignation"]

1. b3 a5 2. a3 d5 3. Bb2 Nf6 4. e3 h6 5. f4 Bf5 6. Nf3 e6 7.
Be2 Nbd7 8. h3 Bd6 9. g4 Bh7 10. d3 c6 11. Nbd2 Qb6 12. Nf1 a4 13. b4 Bxb4+ 14.
Kf2 Bd6 15. Rb1 Qa7 16. Kg2 b5 17. Nd4 Qc7 18. Ng3 g5 19. fxg5 Bxg3 20. gxf6 Bh4 21. Rh2 Qg3+ 22. Kh1 Qxe3 23. Nxc6 Qc5 24. Nb4 Bxf6 25.
Bxf6 Nxf6 26. d4 Be4+ 27. Kg1 Qc3 28. Bxb5+ Kf8 29. Bd3 Qxd4+ 30. Rf2 Qe3 31. Qf1 Qg3+ 32. Rg2 Bxg2 33. Qxg2 Qxg2+ 34. Kxg2 Rc8 35. Bb5 Ke7 36. Nc6+ Kd6 37. Nd4 Ne4 38. Bxa4 Rc4 39. Nb5+ Kc5 40. Bb3 Kxb5 41. Bxc4+ Kxc4 42. Rb7 Rf8 43. h4 Kd4 44. a4 Kc3 45. a5 Kxc2 46. a6 Nc5 47. Rc7 Kd3 48.
Rxc5 Ra8 49. Ra5 d4 50. Kf3 Kc2 51. Ke4 d3 52. Ra2+ Kb3 53. Rd2 Rxa6 54. Rxd3+ Kc4 55.
Rd7 f5+ 56. gxf5 exf5+ 57. Kxf5 Kc5 58. h5 Rd6 59. Rc7+ Kd5 60. Re7 Rb6 61. Re5+ Kd4 62.
Re4+ Kd5 63. Re1 Kd4 64. Rg1 Kd5 65. Rg7 Rb8 66. Rd7+ Kc6 67. Rd1 Rf8+ 68. Kg6 Rf2 69. Kxh6 Rg2 70. Kh7 Kc7 71. Rd3 Kc6 72. Rd8 Kc7 73. Rg8 Rh2 74. Rg5 Kd7 75. Re5 Kd6 76.
Rg5 Ke6 77. Kg6 Ke7 78. Kg7 Ke8 79. h6 Ke7 80. h7 Ra2 81. h8=R Ra6 1-0

[Event "Late-Titled-Tuesday-Blitz-June-25-2024"]
[Site "Chess.com"]
[Date "2024.06.25"]
[Round "2"]
[White "Grischuk"]
[Black "albi1999"]
[Result "1/2-1/2"]
[WhiteElo "3125"]
[BlackElo "2654"]
[TimeControl "180+1"]
[EndTime "14:18:48 PDT"]
[Termination "Game drawn - insufficient material"]

1. d4 Nf6 2. c4 e6 3. Bg5 h6 4. Bh4 d5 5. e3 Be7 6. Nc3 Nbd7 7. Qc2 O-O 8. cxd5 exd5 9. Bd3 c6 10. Nf3 Re8 11. O-O Ne4 12. Bxe4 Bxh4 13. Bh7+ Kh8 14. Bd3 Be7 15. Rae1 Kg8 16. h3 Bd6 17. e4 dxe4 18. Nxe4 Bb4 19. Re2 Nb6 20. a3 Be7 21. Rfe1 Nd5 22.
Ng3 Nf4 23. Bh7+ Kf8 24. Re4 Nd5 25. Bf5 Nf6 26. R4e2 Kg8 27. Bxc8 Rxc8 28. Qb3 Rc7 29. Nf5 Bf8 30. Rxe8 Nxe8 31. Ne5 Nd6 32. Ne3 Re7 33. Rd1 Qc8 34. Ng6 Re8 35. Nxf8 Rxf8 36. Rc1 Qd7 37.
d5 Rc8 38. dxc6 Rxc6 39. Rd1 Qe6 40. Qxe6 fxe6 41. Kf1 Kf7 42. Ke2 Ke7 43. Rd3 a6 44. g4 b5 45. h4 Nc4 46. Nxc4 Rxc4 47. Kf3 b4 48. axb4 Rxb4 49. b3 a5 50. Kg3 g5 51.
h5 a4 52. bxa4 Rxa4 53. Rb3 Ra7 54. Rb8 Kf7 55. f3 Re7 56. Rh8 Kg7 57. Rc8 Rd7 58.
Kf2 Rf7 59. Ke3 Rf4 60. Rc7+ Kg8 61. Re7 Rf6 62. Rd7 Kf8 63. Rh7 Kg8 64. Rc7 Kf8 65.
Rc3 Kg7 66. Ke4 Rf8 67. Ke5 Rf6 68. Rc7+ Rf7 69. Rxf7+ Kxf7 70. Kd6 Kf6 71. Kd7 Ke5 72. Ke7 Kf4 73. Kxe6 Kxf3 74. Kf5 Kg3 75. Kg6 Kxg4 76. Kxh6 Kf4 77. Kg6 g4 78. h6 g3 79. h7 g2 80. h8=Q g1=Q+ 81. Kf7 Qe3 82. Qh6+ Ke4 83. Qxe3+ Kxe3 1/2-1/2

[Event "Late-Titled-Tuesday-Blitz-June-25-2024"]
[Site "Chess.com"]
[Date "2024.06.25"]
[Round "2"]
[White "Romadk"]
[Black "th3d4rkness"]
[Result "0-1"]
[WhiteElo "2480"]
[BlackElo "2263"]
[TimeControl "180+1"]
[EndTime "14:18:48 PDT"]
[Termination "th3d4rkness won by checkmate"]

1. d4 Nf6 2. Nf3 e6 3. g3 b6 4. Bg2 Bb7 5. O-O Be7 6. c4 O-O 7. Nc3 Ne4 8. Qc2 f5 9. Ne5 d6 10. Nxe4 fxe4 11. Bxe4 Bxe4 12. Qxe4 d5 13. cxd5 exd5 14.
Qg4 Qc8 15. Qxc8 Rxc8 16. Bf4 Bf6 17. Rac1 c5 18. dxc5 bxc5 19. Nd3 Na6 20. Bd6 c4 21. Nf4 Bxb2 22. Rb1 c3 23. Nxd5 Rd8 24. Ne7+ Kf7 25. Rbd1 c2 26. Nc6 cxd1=Q 27. Nxd8+ Rxd8 28. Rxd1 Be5 29. Rb1 Rxd6 30. Rb7+ Ke6 31. Rxa7 Nc7 32. Kg2 Ra6 33.
Rb7 Rxa2 34. Kf3 Bd6 35. h4 h6 36. e3 g6 37. Rb8 Nd5 38. Rh8 h5 39. Rg8 Ne7 40. Rd8 Be5 41. Rd3 Bf6 42. Rb3 Nf5 43.
Rb6+ Kf7 44. Rb5 Be7 45. Rb7 Ra3 46. Rb6 Nd4+ 47. Ke4 Ne6 48. Kf3 Bc5 49. Rb7+ Kf6 50. Rb5 Ra2 51. Rb7 Ra3 52. Rb8 Nd4+ 53. Ke4 Nc6 54. Rb7 Ne7 55. Kf3 Bd6 56. Rb6 Ke6 57. Rb7 Nd5 58. Rg7 Ne7 59. Rh7 Be5 60. Ke4 Bf6 61. Rh6 Kf7 62. Rh7+ Bg7 63. g4 Ra4+ 64.
Kf3 hxg4+ 65. Kg3 Nf5+ 66. Kg2 Kg8 67. h5 Kxh7 68. hxg6+ Kxg6 69. f3 gxf3+ 70. Kxf3 Ra3 71. Ke4 Rxe3+ 72. Kf4 Ra3 73. Kg4 Ne7 74. Kh4 Bf6+ 75.
Kg4 Ra4+ 76. Kh3 Kf5 77. Kh2 Kg4 78. Kh1 Kg3 79. Kg1 Ra1# 0-1

[Event "Late-Titled-Tuesday-Blitz-June-25-2024"]
[Site "Chess.com"]
[Date "2024.06.25"]
[Round "2"]
[White "TERMINATOR_PC"]
[Black "Arysya"]
[Result "0-1"]
[WhiteElo "2587"]
[BlackElo "2839"]
[TimeControl "180+1"]
[EndTime "14:18:49 PDT"]
[Termination "Arysya won by resignation"]

1. c4 a6 2. g3 g6 3. Bg2 Bg7 4. Nc3 c5 5. e3 Nc6 6. Nge2 Nf6 7. O-O O-O 8. b3 d6 9. d4 Bd7 10. d5 Na5 11. a4 b5 12. axb5 axb5 13. Nxb5 Bxb5 14. cxb5 Qb6 15. Bd2 Qxb5 16. Nc1 Nd7 17. Ra2 Nb7 18. Qc2 Nb6 19. Bc3 Rxa2 20. Nxa2 Ra8 21. Bxg7 Kxg7 22. Nc3 Qb4 23. Rb1 f6 24. h4 Ra3 25. Ne2 Na5 26. Nf4 Rxb3 27. Rxb3 Nxb3 28. h5 Nd2 29. Nxg6 Nc8 30. Bh3 Qb1+ 31.
Qxb1 Nxb1 32. Nh4 Nb6 33. Be6 Nc3 34. Nf5+ Kf8 35. Kf1 Ncxd5 36. h6 c4 37. Ke2 Nc7 38. Nxd6 Nxe6 39. Ne4 Ng5 40. Nc3 Nf7 41. e4 Nxh6 42.
Ke3 Nf7 43. Kd4 Nd6 44. f4 Kf7 45. Kc5 Nd7+ 46. Kd5 Nf8 47. e5 Nf5 48. g4 Ne3+ 49. Kd4 Nxg4 50. exf6 Nxf6 51. Kxc4 Ne6 52. Ne2 Nh5 53.
f5 Neg7 54. Kd5 Nxf5 55. Ke5 Nd6 56. Nd4 h6 57. Nc6 Nf6 58. Kf4 Nde8 59. Ne5+ Kg7 60. Nf3 Nd6 61. Nh4 e6 62. Ke5 Nf5 63. Nf3 Kf7 64. Kf4 Nd5+ 65. Ke5 Nde7 66. Nd2 Ng6+ 67.
Ke4 Kf6 68. Nf3 h5 69. Nh2 Nd6+ 70. Kf3 e5 71. Ke3 Nf5+ 72. Kf3 Kg5 73. Ke4 Nd6+ 74. Kd5 Nf7 75. Ke4 Kf6 76. Nf3 Ng5+ 77. Ke3 Nxf3 78. Kxf3 Kf5 0-1

[Event "Late-Titled-Tuesday-Blitz-June-25-2024"]
[Site "Chess.com"]
[Date "2024.06.25"]
[Round "2"]
[White "nihalsarin"]
[Black "crazy_but_lazy"]
[Result "1-0"]
[WhiteElo "3098"]
[BlackElo "2637"]
[TimeControl "180+1"]
[EndTime "14:18:58 PDT"]
[Termination "nihalsarin won by resignation"]

1. d4 d5 2. Nf3 c6 3. Bf4 Qb6 4. Qc1 Nf6 5. e3 Bg4 6. Ne5 Bf5 7. c4 e6 8. c5 Qd8 9. Nc3 Nbd7 10. Be2 Nxe5 11.
Bxe5 Nd7 12. Bg3 Be7 13. O-O O-O 14. b4 Bf6 15. b5 e5 16. Rd1 Re8 17. bxc6 bxc6 18.
Qa3 exd4 19. exd4 a5 20. Rac1 a4 21. Bf1 Nf8 22. h3 Ne6 23. Ne2 Ng5 24. Bf4 h6 25. Ng3 Bg6 26. Bd3 Ne4 27. Bxe4 Bxe4 28. Nxe4 Rxe4 29.
Be3 Bg5 30. Bxg5 Qxg5 31. Rb1 Qf4 32. Rb4 Rae8 33. Qg3 Re1+ 34. Rxe1 Rxe1+ 35. Kh2 Qc1 36. Qf3 Rh1+ 37. Kg3 Qg5+ 38. Qg4 a3 39. Qxg5 hxg5 40. Ra4 Rd1 41. Rxa3 Rxd4 42. Ra6 Rd2 43. Kf3 f6 44. Ke3 Rc2 45. Rxc6 Rxa2 46. Rd6 Kf7 47. Rxd5 Ke6 48.
Rd6+ Ke5 49. Rd7 Ra3+ 50. Ke2 Rc3 51. Rc7 Rc2+ 52. Kf3 g6 53. Kg3 Rc3+ 54. f3 Rc2 55. Rc8 Ke6 56. c6 f5 57. c7 f4+ 58. Kh2 Kd7 59. Rg8 Rxc7 60. Rg7+ Kd8 61. Rxg6 Rc5 62. h4 gxh4 63. Rf6 Rc4 64. Kh3 Ke7 65. Rf5 Ke6 66.
Rf8 Ke7 67. Rg8 Kf6 68. Kxh4 Rc2 69. Kh3 Kf5 70. Rf8+ Kg5 71. Rg8+ Kf5 72. Kh4 Rd2 73. Rg5+ Kf6 74. Kh5 Rc2 75. Rg4 Kf5 76. Rg8 Rb2 77. Kh4 Rc2 78. Kh3 Rd2 79. Ra8 Rd1 80. Ra5+ Kg6 81. Kg4 Rd2 82. Rg5+ Kf6 83. Kxf4 Rd4+ 84. Ke3 1-0

[Event "Late-Titled-Tuesday-Blitz-June-25-2024"]
[Site "Chess.com"]
[Date "2024.06.25"]
[Round "2"]
[White "Dyadya81"]
[Black "WPWPWP-2015"]
[Result "1/2-1/2"]
[WhiteElo "2779"]
[BlackElo "2553"]
[TimeControl "180+1"]
[EndTime "14:19:12 PDT"]
[Termination "Game drawn by repetition"]

1. e4 e5 2. Nf3 Nc6 3. d4 exd4 4. Nxd4 Nf6 5. Nc3 Bb4 6. Nxc6 bxc6 7. Bd3 d5 8. exd5 O-O 9. O-O cxd5 10. h3 c6 11. Qf3 Be7 12. Bf4 Be6 13. Rfe1 h6 14. Ne2 c5 15. c3 Qb6 16. Rab1 Rad8 17. Ng3 Rfe8 18. Re2 d4 19. c4 Qa6 20. b3 Rd7 21.
Rbe1 Qb7 22. Ne4 Nxe4 23. Bxe4 Qa6 24. Bc6 Red8 25. Rxe6 fxe6 26. Rxe6 Qxa2 27. Qe4 Bf8 28. Bxd7 Rxd7 29. Re8 Qa6 30. Re6 Qb7 31. Qd3 Rf7 32.
Bg3 Qd7 33. Ra6 Qb7 34. Ra1 Re7 35. Kh2 Qd7 36. Ra6 Rf7 37. Rg6 Qf5 38. Qxf5 Rxf5 39. Rc6 Rf7 40. Kg1 Rb7 41. Rc8 Kf7 42. Rc7+ Rxc7 43. Bxc7 Ke6 44. Bb8 a6 45. Kf1 Bd6 46. Ba7 Kd7 47. Bb6 Kc6 48. Ba5 Kd7 49. Ke2 Ke6 50.
Kd3 Be7 51. g4 g6 52. Ke4 Bf6 53. Bd2 h5 54. gxh5 gxh5 55. f4 Bh4 56. f5+ Kd7 57. Kd5 Bf2 58. Kxc5 Be3 59. Be1 d3+ 60. Kd5 d2 61.
Bxd2 Bxd2 62. c5 Bc3 63. Kc4 Bf6 64. Kd5 Bc3 65. Kc4 Bb2 66. b4 Bf6 67. Kd5 Bc3 68. Kc4 Bf6 69. b5 axb5+ 70. Kxb5 Kc7 71. Kc4 Kc6 72. Kb4 Bg7 73. Kc4 Bf8 74. Kd4 Bxc5+ 75. Ke4 Be7 76. Ke5 Kd7 77. f6 Bf8 78. Kf5 Ke8 79.
Kg5 h4 80. Kh5 Kf7 81. Kxh4 Kxf6 82. Kg4 Kg6 83. Kf3 Kh7 84. Kg2 Bg7 85. Kh1 Bh8 86. Kg2 Bg7 87. Kh1 Bh8 88. Kg2 Bg7 1/2-1/2

[Event "Late-Titled-Tuesday-Blitz-June-25-2024"]
[Site "Chess.com"]
[Date "2024.06.25"]
[Round "2"]
[White "Winner_7777"]
[Black "NikitaShnadrygin"]
[Result "0-1"]
[WhiteElo "2513"]
[BlackElo "2734"]
[TimeControl "180+1"]
[EndTime "14:19:13 PDT"]
[Termination "NikitaShnadrygin won by resignation"]

1. d4 d5 2. c4 Nc6 3. Nf3 Bg4 4.
cxd5 Bxf3 5. gxf3 Qxd5 6. e3 e5 7. Nc3 Bb4 8. Bd2 Bxc3 9. bxc3 Nf6 10. c4 Qd6 11. d5 Ne7 12. Rb1 b6 13. Rg1 O-O 14.
Bb4 c5 15. dxc6 Qxd1+ 16. Rxd1 Rfe8 17. c7 Rac8 18. Bd6 Nf5 19. Bh3 Nxd6 20. Rxd6 Rxc7 21. Rxf6 Rxc4 22. Rd6 Kf8 23. Kd2 Rh4 24. Rg3 Ra4 25. Kc1 Rxa2 26. Rd2 Ra1+ 27. Kb2 Rh1 28. Rg2 g6 29. e4 Re7 30. Rd8+ Kg7 31. Rd7 Rxd7 32.
Bxd7 Kf6 33. h3 Ke7 34. Bc8 Kd6 35. Rg3 Rh2 36. Kc3 Rxf2 37. Ba6 f6 38. Bc4 Kc5 39. Kd3 b5 40. Bd5 a5 41. Ke3 Rc2 42. Rg1 Rc3+ 43. Kf2 a4 44. Rd1 a3 45. Bg8 Kb4 46. Rd6 Rc8 47. Bd5 f5 48. exf5 gxf5 49. Rf6 f4 50.
Ke2 Rc3 51. h4 Re3+ 52. Kf2 Kc5 53. Bg8 b4 54. Rf8 b3 55. Rc8+ Kb4 56. Rb8+ Kc3 57. Rxb3+ Kd2 58. Rb8 Rc3 59. Rd8+ Kc1 60. Bxh7 a2 61.
Ra8 Kb2 62. Be4 Ra3 63. Rb8+ Kc1 64. Rc8+ Kd1 65. Rd8+ Kc1 66. Rc8+ Kb2 67. Rb8+ Kc3 68. Rc8+ Kb4 69. Rb8+ Kc5 70. Rc8+ Kd6 71. Rc1 a1=Q 72.
Rxa1 Rxa1 73. h5 Ra2+ 74. Kg1 Ke7 75. h6 Kf6 76. h7 Kg7 77. Kf1 Rd2 78. Ke1 Rd4 79.
Bc2 Rc4 80. Bd3 Rc3 81. Be4 Re3+ 82. Kf2 Rxe4 83. fxe4 Kxh7 84. Kf3 Kg6 85. Kg4 Kf6 86. Kh4 Ke6 87. Kg4 Kd6 0-1

[Event "Late-Titled-Tuesday-Blitz-June-25-2024"]
[Site "Chess.com"]
[Date "2024.06.25"]
[Round "2"]
[White "Chessgod9oninsta"]
[Black "Tonychess32"]
[Result "1/2-1/2"]
[WhiteElo "2739"]
[BlackElo "2545"]
[TimeControl "180+1"]
[EndTime "14:19:20 PDT"]
[Termination "Game drawn by repetition"]

1. d4 Nf6 2. Bf4 e6 3. Nd2 c5 4. e3 Nc6 5. c3 d5 6. Ngf3 Bd6 7. Bg3 O-O 8. Bb5 a6 9. Bxc6 bxc6 10. Bxd6 Qxd6 11.
Nb3 c4 12. Nc5 Nd7 13. Nxd7 Bxd7 14. O-O c5 15. Ne5 cxd4 16. exd4 Rab8 17. Qd2 f6 18.
Nxd7 Qxd7 19. Rfe1 Rfe8 20. f4 Rb6 21. Re2 Reb8 22.
Rb1 Qb7 23. Qe1 Kf7 24. Qh4 Kg8 25. Qh3 Qf7 26. Rbe1 f5 27. Qf3 h6 28. h3 Kh7 29. g4 Rxb2 30. Rxe6 fxg4 31. hxg4 Rb1 32. f5 Rxe1+ 33. Rxe1 Qf6 34. Re2 Qh4 35. Kg2 Rb1 36. f6 Qh1+ 37. Kg3 Rg1+ 38. Kf4 Rf1 39. Rf2 g5+ 40. Ke3 Qxf3+ 41. Kxf3 Rxf2+ 42. Kxf2 Kg6 43. Ke3 Kxf6 44. Kd2 Kg6 45. Ke3 h5 46. Kf3 hxg4+ 47.
Kxg4 Kf6 48. Kg3 Kf5 49. Kf3 g4+ 50. Kg3 Kg5 51. a3 a5 52. a4 Kf5 53. Kg2 Kf4 54. Kf2 g3+ 55. Kg2 Kg4 56. Kg1 Kf3 57. Kf1 Ke3 58. Kg1 Kd3 59. Kg2 Kxc3 60. Kxg3 Kxd4 61.
Kf4 Kc3 62. Kf5 d4 63. Ke6 d3 64. Kd5 d2 65. Kc5 d1=Q 66. Kb5 Qb3+ 67. Kxa5 Kd4 68.
Ka6 Kc5 69. a5 Qb7+ 70. Kxb7 c3 71. a6 c2 72. a7 c1=Q 73. a8=Q Qh6 74. Qa5+ Kd4 75.
Qb4+ Ke5 76. Qc5+ Kf6 77. Qd6+ Kg7 78. Qe7+ Kg6 79. Kc6 Qc1+ 80. Kd5 Qd2+ 81. Kc4 Qc2+ 82. Kb4 Qb2+ 83. Ka5 Qa2+ 84. Kb6 Qb3+ 85. Kc7 Qc4+ 86. Kd8 Qg8+ 87. Kd7 Qd5+ 88. Kc7 Qa5+ 89. Kc6 Qa4+ 90. Kc7 Qa7+ 91. Kd8 Qb8+ 92. Kd7 Qb5+ 93. Kd8 Qb8+ 94. Kd7 Qa7+ 95. Ke8 Qa4+ 96. Qd7 Qa8+ 97. Qd8 Qc6+ 98. Qd7 Qe4+ 99. Qe7 Qa8+ 100. Qd8 Qc6+ 101. Qd7 Qe4+ 102. Qe7 Qc6+ 103. Qd7 1/2-1/2

[Event "Late-Titled-Tuesday-Blitz-June-25-2024"]
[Site "Chess.com"]
[Date "2024.06.25"]
[Round "2"]
[White "esskeettit"]
[Black "KnightmareJoker"]
[Result "1/2-1/2"]
[WhiteElo "2502"]
[BlackElo "2290"]
[TimeControl "180+1"]
[EndTime "14:19:55 PDT"]
[Termination "Game drawn - insufficient material"]

1. d4 Nf6 2. c4 e6 3. Nc3 Bb4 4. Qc2 O-O 5. e4 d5 6. e5 Nfd7 7. Bd3 g6 8. cxd5 exd5 9. Nf3 c5 10. a3 Bxc3+ 11. bxc3 c4 12. Be2 Nc6 13. O-O f6 14. exf6 Nxf6 15. Bh6 Re8 16. Bg5 Qe7 17. Rfe1 Qf7 18. Qd2 Ne4 19. Qc1 Bf5 20. Be3 Nd8 21.
Ne5 Qg7 22. f3 Nd6 23. g4 Be6 24. Bh6 Qc7 25. Bf4 Nc6 26. Bf1 Na5 27. Ra2 Nb3 28. Qd1 Rf8 29. Bh6 Rfe8 30. Bg2 Nf7 31. Bf4 Qe7 32. Rae2 Nxe5 33. Bxe5 Qf7 34. h3 Na5 35. f4 Nc6 36. Rf2 Nxe5 37. dxe5 Rad8 38. Ref1 Bc8 39.
Rd2 Be6 40. f5 gxf5 41. gxf5 Bxf5 42. Rdf2 Rxe5 43. Qd4 Rde8 44. Rxf5 Rxf5 45. Qg4+ Kh8 46. Rxf5 Re1+ 47. Kh2 Qc7+ 48. Qg3 Qxg3+ 49. Kxg3 Re3+ 50. Rf3 Re7 51. Rf8+ Kg7 52. Rf1 Re3+ 53. Rf3 Re5 54. Kf2 b5 55. Rg3+ Kf6 56. Rg4 Rf5+ 57. Ke2 a5 58. Rd4 Ke6 59. h4 Re5+ 60. Kd2 Kd6 61. Bf3 Kc5 62. Rg4 Rf5 63. Bg2 b4 64.
axb4+ axb4 65. cxb4+ Kxb4 66. Ke3 h5 67. Rd4 Re5+ 68.
Kf4 Re1 69. Bxd5 Rf1+ 70. Kg5 Rc1 71. Rf4 Kc5 72. Bxc4 Kd6 73. Kxh5 Ke5 74. Rg4 Kf6 75. Bd5 Rc5 76. Rg5 Rc8 77. Kg4 Rc1 78. h5 Rg1+ 79. Kh4 Rxg5 80. Bf3 Rf5 81. Bg4 Rf4 82. Kg3 Kg5 83. Be2 Rh4 84. Kf2 Rh2+ 85. Ke3 Rh3+ 86. Kd4 Rh2 87. Ke3 Kf5 88. Bd3+ Ke5 89. Be2 Rh3+ 90.
Bf3 Rg3 91. Kf2 Kf4 92. Be2 Rh3 93. Kg2 Ra3 94. Kf2 Ra2 95. h6 Ra7 96. Bd3 Rd7 97. Ke2 Re7+ 98. Kd2 Re8 99. h7 Kf3 100. Bc4 Rd8+ 101. Kc3 Rh8 102. Bg8 Kf4 103. Kd4 Kf5 104. Kd5 Kf6 105. Kd6 Kg7 106. Ke7 Rxg8 107. hxg8=Q+ Kxg8 1/2-1/2

[Event "Late-Titled-Tuesday-Blitz-June-25-2024"]
[Site "Chess.com"]
[Date "2024.06.25"]
[Round "3"]
[White "Durarbayli"]
[Black "purpurice"]
[Result "1-0"]
[WhiteElo "2960"]
[BlackElo "2672"]
[TimeControl "180+1"]
[EndTime "14:22:11 PDT"]
[Termination "Durarbayli won by resignation"]

1. e4 c5 2. Nf3 d6 3. d4 cxd4 4. Nxd4 Nf6 5. Nc3 a6 6. Be2 e6 7. Be3 Be7 8. g4 d5 9. exd5 Nxd5 10. Nxd5 Qxd5 11. Bf3 Qc4 12. Qe2 Qxe2+ 13. Kxe2 O-O 14. Rhd1 e5 15. Nf5 Bf6 16. Bc5 Re8 17. Nd6 e4 18.
Nxe8 exf3+ 19. Kxf3 Bxb2 20. Rd8 1-0

[Event "Late-Titled-Tuesday-Blitz-June-25-2024"]
[Site "Chess.com"]
[Date "2024.06.25"]
[Round "3"]
[White "MoldyTofu"]
[Black "kinga2008"]
[Result "0-1"]
[WhiteElo "2038"]
[BlackElo "2526"]
[TimeControl "180+1"]
[EndTime "14:22:47 PDT"]
[Termination "kinga2008 won by resignation"]

1. b3 Nc6 2. Bb2 e5 3. e3 d5 4.
d4 exd4 5. exd4 Nf6 6. Nf3 Bd6 7. Bd3 O-O 8. O-O h6 9. h3 Re8 10. Nbd2 Bf4 11. Re1 Be6 12. Ne5 Bxe5 13. dxe5 Nd7 14. Nf3 Nc5 15. Qe2 Nxd3 16. Qxd3 Qd7 17. Nd4 Rad8 18.
Nxc6 Qxc6 19. Rad1 Qd7 20. Re3 Bf5 21. Qd2 c5 22.
Rg3 Qe6 23. Re1 d4 24. Re2 Rd5 25. Qf4 Rxe5 26. Rxe5 Qxe5 27. Qxh6 Qxg3 0-1

[Event "Late-Titled-Tuesday-Blitz-June-25-2024"]
[Site "Chess.com"]
[Date "2024.06.25"]
[Round "3"]
[White "ChristopherYoo"]
[Black "Jarming"]
[Result "1-0"]
[WhiteElo "3027"]
[BlackElo "2706"]
[TimeControl "180+1"]
[EndTime "14:22:51 PDT"]
[Termination "ChristopherYoo won by resignation"]

1. e4 c5 2. Nf3 d6 3. d4 cxd4 4. Nxd4 Nf6 5. Nc3 g6 6. Be3 Bg7 7. f3 O-O 8. Qd2 Nc6 9. O-O-O d5 10. Qe1 e5 11. Nxc6 bxc6 12. exd5 Nxd5 13. Bc4 Be6 14. Kb1 Qc7 15. Bb3 Rfd8 16. Ne4 h6 17. h4 f5 18. Nc5 Bf7 19. g4 Nxe3 20. Qxe3 fxg4 21. fxg4 Rd4 22. Rdf1 Rf8 23. Bxf7+ Rxf7 24. Ne6 Rxf1+ 25. Rxf1 Qd6 26. Nxd4 exd4 27. Qe8+ Kh7 28. h5 gxh5 29. gxh5 1-0

[Event "Late-Titled-Tuesday-Blitz-June-25-2024"]
[Site "Chess.com"]
[Date "2024.06.25"]
[Round "3"]
[White "Mikayel99"]
[Black "Seppppppy"]
[Result "0-1"]
[WhiteElo "2590"]
[BlackElo "2396"]
[TimeControl "180+1"]
[EndTime "14:23:07 PDT"]
[Termination "Seppppppy won by resignation"]

1. e4 e5 2. Nf3 Nc6 3. Bc4 Nf6 4. d3 Bc5 5. c3 O-O 6. a4 a5 7. O-O d6 8. h3 Be6 9. Nbd2 Ba7 10. Qb3 Qd7 11. Re1 Bxh3 12. gxh3 Qxh3 13. Re3 Bxe3 14.
fxe3 Qg3+ 15. Kh1 Ng4 0-1

[Event "Late-Titled-Tuesday-Blitz-June-25-2024"]
[Site "Chess.com"]
[Date "2024.06.25"]
[Round "3"]
[White "FloMasterAAK"]
[Black "KVAIDAN"]
[Result "1-0"]
[WhiteElo "2629"]
[BlackElo "2431"]
[TimeControl "180+1"]
[EndTime "14:23:17 PDT"]
[Termination "FloMasterAAK won by resignation"]

1. Nf3 f5 2. e4 fxe4 3. Ng5 Nf6 4. d3 d5 5. dxe4 h6 6. Nf3 Nxe4 7. Bd3 Bf5 8. Nh4 Bh7 9. Qh5+ g6 10. Nxg6 Nf6 11. Qh3 Qd7 12. Nxh8 Qxh3 13. gxh3 Bxd3 14. cxd3 Nc6 15.
Ng6 Bg7 16. Nf4 Nb4 17. Na3 e5 18. Ne6 Kf7 19. Nxg7 Nxd3+ 20. Ke2 Nxc1+ 21. Raxc1 Kxg7 22. Rhg1+ Kf7 23. Rxc7+ Ke6 24. Rxb7 1-0

[Event "Late-Titled-Tuesday-Blitz-June-25-2024"]
[Site "Chess.com"]
[Date "2024.06.25"]
[Round "3"]
[White "MarcoRiehle"]
[Black "Danito1954"]
[Result "1-0"]
[WhiteElo "2816"]
[BlackElo "2494"]
[TimeControl "180+1"]
[EndTime "14:23:42 PDT"]
[Termination "MarcoRiehle won by resignation"]

1. e4 e5 2. Nf3 Nc6 3. d4 exd4 4. Bc4 Nf6 5. O-O Nxe4 6. Nc3 dxc3 7. Bxf7+ Kxf7 8.
Qd5+ Ke8 9. Re1 d6 10. Rxe4+ Be7 11. Bg5 cxb2 12. Rae1 Ne5 13. Nxe5 dxe5 14. Qxe5 Kf7 15. Bxe7 Qd7 16. Rf4+ Ke8 17. Qh5+ g6 18. Bh4+ Qe6 19.
Qb5+ c6 20. Rxe6+ Bxe6 21. Qxb2 1-0

[Event "Late-Titled-Tuesday-Blitz-June-25-2024"]
[Site "Chess.com"]
[Date "2024.06.25"]
[Round "3"]
[White "HamedWafa4"]
[Black "cukricek"]
[Result "1-0"]
[WhiteElo "2778"]
[BlackElo "2502"]
[TimeControl "180+1"]
[EndTime "14:23:59 PDT"]
[Termination "HamedWafa4 won by checkmate"]

1. Nf3 Nf6 2. g3 g6 3. Bg2 Bg7 4. O-O O-O 5. d4 c5 6. c3 d5 7. dxc5 Qc7 8. b4 a5 9. Bf4 Qd8 10. Nbd2 Ne4 11. Nxe4 dxe4 12. Qxd8 Rxd8 13. Ne5 f5 14. Rfd1 Rxd1+ 15. Rxd1 Bxe5 16. Rd8+ Kf7 17. Rxc8 Bxf4 18. gxf4 axb4 19. cxb4 Ke6 20. e3 Kd7 21. Rh8 Kc7 22. b5 b6 23. cxb6+ Kb7 24. Rxh7 Rxa2 25.
Rxe7+ Kxb6 26. Bf1 Ra1 27. Re6+ Kc5 28. Rxg6 Nd7 29. h4 Ra8 30. Rc6+ Kd5 31. Bc4# 1-0

[Event "Late-Titled-Tuesday-Blitz-June-25-2024"]
[Site "Chess.com"]
[Date "2024.06.25"]
[Round "3"]
[White "RaugintaBulba"]
[Black "MaestroCheck"]
[Result "0-1"]
[WhiteElo "2449"]
[BlackElo "2643"]
[TimeControl "180+1"]
[EndTime "14:23:59 PDT"]
[Termination "MaestroCheck won by resignation"]

1. d4 Nf6 2. c4 e6 3. Nf3 d5 4. g3 dxc4 5. Qa4+ Nbd7 6. Qxc4 a6 7. Bg2 c5 8. dxc5 Bxc5 9. O-O b5 10. Qb3 Bb7 11. Nc3 O-O 12. Rd1 Qb6 13. e3 Rfd8 14.
a4 b4 15. a5 Qa7 16. Na4 Bd5 17. Qc2 Rac8 18. Nxc5 Nxc5 19. Qe2 Nb3 20. Rb1 Be4 21. Bd2 Bxb1 22. Rxb1 Nxd2 23. Nxd2 Rc2 24. Rd1 Qd7 25. Qxa6 Rxd2 0-1

[Event "Late-Titled-Tuesday-Blitz-June-25-2024"]
[Site "Chess.com"]
[Date "2024.06.25"]
[Round "3"]
[White "farzadbfd"]
[Black "Jospem"]
[Result "0-1"]
[WhiteElo "2711"]
[BlackElo "3048"]
[TimeControl "180+1"]
[EndTime "14:24:02 PDT"]
[Termination "Jospem won by resignation"]

1. e4 c5 2. Nc3 d6 3. g3 Nc6 4.
Bg2 e6 5. d3 Nf6 6. Nge2 Be7 7.
O-O O-O 8. h3 Rb8 9. Be3 b5 10. Qd2 b4 11. Nd1 d5 12. f3 Ba6 13. a3 b3 14. c3 Ne5 15. Nf2 dxe4 16.
fxe4 Nxd3 17. Nxd3 Qxd3 18. Rfe1 Nxe4 19. Qxd3 Bxd3 20.
Nf4 Bc2 21. Kh2 Rfd8 22. Re2 Nxc3 23. Rd2 Na4 0-1